 Dungeon Crawl Stone Soup version 0.22-a0-181-gb22368a056 (webtiles) character file.

21 MrRokkomies the Chiller (level 2, 0/17 HPs)
             Began as an Octopode Ice Elementalist on Feb 14, 2018.
             Slain by a leopard gecko (4 damage)
             ... on level 1 of the Dungeon.
             The game lasted 00:01:37 (1203 turns).

MrRokkomies the Chiller (Octopode Ice Elementalist) Turns: 1203, Time: 00:01:37

Health: 0/17       AC:  1    Str:  7    XL:     2   Next: 83%
Magic:  5/5        EV: 14    Int: 17    God:
Gold:   58         SH:  0    Dex: 12    Spells: 4/5 levels left

rFire    . . .     SeeInvis .   (no weapon)
rCold    . . .     Gourm    .   (no shield)
rNeg     . . .     Faith    .   (helmet restricted)
rPois    .         Spirit   .   (no amulet)
rElec    .         Reflect  .   (no ring)
rCorr    .         Harm     .   (no ring)
MR       .....                  (no ring)
Stlth    +++.......             (no ring)
HPRegen  0.05/turn              (no ring)
MPRegen  0.09/turn              (no ring)
                                (no ring)
                                (no ring)

@: no status effects
A: almost no armour, stealthy swim, amphibious, 8 rings, constrict 8, camouflage
1, gelatinous body 1
a: no special abilities


You were on level 1 of the Dungeon.
You were not hungry.

You visited 1 branch of the dungeon, and saw 1 of its levels.

You collected 58 gold pieces.

Inventory:

Scrolls
 e - a scroll of blinking {unknown}
 f - a scroll of enchant weapon {unknown}
Potions
 c - a potion of heal wounds {unknown}
 d - a potion of mutation {unknown}
 g - a potion of resistance {unknown}
Books
 a - a book of Frost

   Spells                             Type                      Level
   a - Freeze                         Ice                          1
   b - Throw Frost                    Conjuration/Ice              2
   c - Ozocubu's Armour               Charms/Ice                   3
   d - Throw Icicle                   Conjuration/Ice              4
   e - Summon Ice Beast               Ice/Summoning                4
Comestibles
 b - a ration


   Skills:
 * Level 2.7 Dodging
 - Level 2.6 Stealth
 - Level 2.0 Spellcasting
   Level 1.0 Conjurations
 * Level 3.5 Ice Magic


You had 4 spell levels left.
You knew the following spells:

 Your Spells              Type           Power        Failure   Level  Hunger
a - Freeze                Ice            ##..         4%          1    #......


Dungeon Overview and Level Annotations

Branches:
Dungeon (1/15)

Altars:


Innate Abilities, Weirdness & Mutations

You cannot wear most types of armour.
You are very stealthy in the water. (Stealth+)
You are amphibious.
You can wear up to eight rings at the same time.
You can use your tentacles to constrict eight enemies at once.
Your skin changes colour to match your surroundings (Stealth+).
Your rubbery body absorbs attacks. (AC +1, EV +1)


Message History

You constrict the kobold.
You kill the kobold!
The leopard gecko bites you.
You miss the leopard gecko. You grab the leopard gecko.
You constrict the leopard gecko. The leopard gecko barely misses you.
The leopard gecko bites you.
You tentacle-slap the leopard gecko but do no damage.
The leopard gecko is lightly wounded.
You constrict the leopard gecko. The leopard gecko bites you.
You are too injured to fight recklessly!
You are too injured to fight recklessly!
You are too injured to fight recklessly!
You tentacle-slap the leopard gecko.
The leopard gecko is heavily wounded.
You constrict the leopard gecko. The leopard gecko bites you.
* * * LOW HITPOINT WARNING * * *
You barely miss the leopard gecko.
The leopard gecko is heavily wounded.
You constrict the leopard gecko. The leopard gecko bites you.
You die...

#.## ##.....###.#. #.#
##...###.##. ##[# ###
###'#####.#. ... ..#
#........... #.## #.#
#.#.#####.#. .. #.#
#.#.## #.## #.
#.###....## #.##
#.###)##†........# #.#
#.....@...##...†.# #.#
###...l.#.##.#.#.###.##
#.......##...........
#.....######.########
##...## #.# ##### #.#
#.# #.


You could see a leopard gecko.

Vanquished Creatures
  A leopard gecko (D:1)
  A giant cockroach (D:1)
  3 goblins (D:1)
  3 hobgoblins (D:1)
  4 frilled lizards (D:1)
  4 kobolds (D:1)
  4 rats (D:1)
20 creatures vanquished.

Notes
Turn   | Place    | Note
-------+----------+-------------------------------------------
     0 | D:1      | MrRokkomies the Octopode Ice Elementalist began the quest for the Orb.
     0 | D:1      | Reached XP level 1. HP: 11/11 MP: 3/3
   591 | D:1      | Reached XP level 2. HP: 17/17 MP: 5/5
  1203 | D:1      | Slain by a leopard gecko

Vault maps used:
D:1:      dpeg_arrival_shrine

Action                   || total
-------------------------++-------
Melee: Unarmed           ||    59
       Constrict         ||    15
       Tentacles         ||    12
 Cast: Freeze            ||     4
 Stab: Sleeping          ||     8
  Eat: Chunk             ||     1
Armor: Skin              ||     6
Dodge: Dodged            ||    27

Table legend:
 A = Spawn XP
 B = Non-spawn XP
 C = Spawn XP percentage of total XP
 D = Spawn monster count
 E = Non-spawn monster count
 F = Spawn count percentage of total count
 G = Total turns spent on level
                    A         B        C        D         E        F      G
               +---------+---------+-------+---------+---------+-------+---------
         Total |       0 |      30 |   0.0 |       0 |      20 |   0.0 |  1203
               +---------+---------+-------+---------+---------+-------+---------
           D:1 |       0 |      30 |   0.0 |       0 |      20 |   0.0 |  1203
               +---------+---------+-------+---------+---------+-------+---------
